 Dungeon Crawl Stone Soup version 0.22-a0-247-gbddf880757 (webtiles) character file.

5060 RedPan the Carver (level 10, 0/76 HPs)
             Began as a Demonspawn Monk on Feb 24, 2018.
             Slain by a two-headed ogre
             ... wielding a +0 giant club
              (3 damage)
             ... on level 8 of the Dungeon.
             The game lasted 00:26:36 (11400 turns).

RedPan the Carver (Demonspawn Monk)                Turns: 11400, Time: 00:26:38

Health: 0/76       AC:  8    Str: 15    XL:     10   Next: 31%
Magic:  0/10       EV: 17    Int: 12    God:
Gold:   99         SH:  0    Dex: 15    Spells: 9/9 levels left

rFire    . . .     SeeInvis +   j - +3 long sword (freeze)
rCold    . . .     Gourm    .   (no shield)
rNeg     + . .     Faith    .   A - +1 robe "Vipoumpo" {+Inv rN+}
rPois    .         Spirit   +   (helmet unavailable)
rElec    .         Reflect  .   (no cloak)
rCorr    .         Harm     .   (no gloves)
MR       .....                  y - +2 pair of boots
Stlth    ++........             (no amulet)
HPRegen  0.22/turn              (no ring)
MPRegen  0.12/turn              (no ring)

@: no status effects
A: antennae 3, molten scales 1, powered by death 1, magic shield
a: Evoke Invisibility


You were on level 8 of the Dungeon.
You were hungry.

You visited 2 branches of the dungeon, and saw 9 of its levels.
You also visited: Sewer.

You collected 454 gold pieces.
You spent 355 gold pieces at shops.

Inventory:

Hand Weapons
 j - a +3 long sword of freezing (weapon)
Armour
 b - a +0 robe
 p - a +1 chain mail
 r - a +0 scale mail
 y - a +2 pair of boots (worn)
 A - the +1 robe "Vipoumpo" (worn) {+Inv rN+}
   (You bought it in a shop on level 6 of the Dungeon)

   It protects you from negative energy.
   It lets you turn invisible.
Jewellery
 f - an uncursed ring of fire
 q - an uncursed amulet of harm
Wands
 e - a wand of scattershot (6)
 m - a wand of paralysis (1)
 n - a wand of random effects (28)
Scrolls
 g - 3 scrolls of remove curse
 o - a scroll of enchant weapon
 t - a scroll of fear
 w - a scroll of blinking
 B - a scroll of magic mapping
Potions
 a - a potion of flight {unknown}
 d - 2 potions of mutation
 h - 4 potions of curing
 i - a potion of berserk rage {unknown}
 k - a potion of agility {unknown}
 l - 2 potions of brilliance {unknown}
 u - a potion of might
 v - 2 potions of cancellation {unknown}
 x - a potion of heal wounds
 z - a potion of ambrosia {unknown}
Comestibles
 c - 16 rations
 s - 6 chunks of flesh


   Skills:
 - Level 6.0 Fighting
 * Level 10.5 Long Blades
 + Level 3.1 Armour
 - Level 8.1 Dodging
 - Level 1.7 Stealth


You had 9 spell levels left.
You didn't know any spells.

Dungeon Overview and Level Annotations

Branches:
Dungeon (8/15)             Temple (1/1) D:5
   Lair: D:8-11

Altars:
Ashenzari
Dithmenos
Elyvilon
Fedhas
Hepliaklqana
Kikubaaqudgha
Makhleb
Okawaru
Qazlal
Ru
Sif Muna
Trog
Uskayaw
Vehumet
Wu Jian
Xom
Yredelemnul
Zin
The Shining One

Shops:
D:6 [


Innate Abilities, Weirdness & Mutations

You have a pair of large antennae on your head. (SInv)
You are partially covered in molten scales. (AC +2)
You regenerate a little health from kills.
When hurt, damage is shared between your health and your magic reserves.


Message History

The two-headed ogre is severely wounded.
The two-headed ogre hits you with a giant club!
* * * LOW HITPOINT WARNING * * *
The two-headed ogre misses you.
You completely miss the two-headed ogre.
The two-headed ogre is severely wounded.
You hit the two-headed ogre. You freeze the two-headed ogre.
The two-headed ogre is almost dead.
The two-headed ogre misses you.
You riposte.
You completely miss the two-headed ogre.
The two-headed ogre is severely wounded.
The two-headed ogre hits you with a giant club!
* * * LOW HITPOINT WARNING * * *
You hit the two-headed ogre but do no damage.
The two-headed ogre is severely wounded.
The two-headed ogre closely misses you.
You riposte.
You hit the two-headed ogre. You freeze the two-headed ogre.
The two-headed ogre is almost dead.
The two-headed ogre hits you with a giant club.
You die...

### #.. #..## ....
#.. ####.###
#......##
#).@#####.#
#####..O.[.....
#........###...
#.###.....#...
#.............
#......###..... ###
#.####.## ##...
#.###.####..#..P≈≈.
#<#...!.......P≈≈≈.


You could see a two-headed ogre.

Vanquished Creatures
  2 two-headed ogres (D:7)
  The ghost of RedPan the Slasher, a novice DsMo (D:7)
  The ghost of Xeen the Covert, an amateur SpEn (D:4)
  Grum (D:7)
  An orc warrior (D:5)
  A black bear (D:7)
  An ice beast (D:7)
  A phantom (D:6)
  3 ogres
  5 centaurs
  2 wolves (D:7)
  4 bullfrogs
  3 killer bees (D:7)
  4 wights (D:6)
  A crimson imp (D:6)
  2 bullfrog zombies
  A jelly (D:6)
  A bullfrog skeleton (D:6)
  A gnoll shaman (D:4)
  3 orc priests
  2 hounds
  2 centaur skeletons
  3 iguanas
  7 orc wizards
  Ijyb (D:4)
  Natasha (twice) (D:4)
  9 worker ants
  A hound skeleton (D:6)
  3 gnolls (D:4)
  12 adders
  A shadow imp (D:6)
  4 oozes
  2 adder skeletons
  3 worms
  2 dart slugs
  3 leopard geckos
  18 orcs
  6 bats
  5 giant cockroaches
  12 goblins
  14 hobgoblins
  18 jackals
  2 quokkas (D:4)
  4 ball pythons
  A ball python skeleton (D:4)
  12 frilled lizards
  4 kobolds
  A leopard gecko skeleton (D:7)
  2 quokka zombies
  14 rats
209 creatures vanquished.

Vanquished Creatures (others)
  A goblin (D:1)
1 creature vanquished.

Grand Total: 210 creatures vanquished

Notes
Turn   | Place    | Note
-------+----------+-------------------------------------------
     0 | D:1      | RedPan the Demonspawn Monk began the quest for the Orb.
     0 | D:1      | Reached XP level 1. HP: 18/18 MP: 1/1
   151 | D:1      | Reached skill level 3 in Long Blades
   347 | D:1      | Gained mutation: You are partially covered in molten scales. (AC +2) [demonic ancestry]
   347 | D:1      | Reached XP level 2. HP: 20/24 MP: 2/2
   486 | D:1      | Gained mutation: You regenerate a little health from kills. [demonic ancestry]
   486 | D:1      | Reached XP level 3. HP: 29/29 MP: 3/3
   945 | D:2      | Gained mutation: When hurt, damage is shared between your health and your magic reserves. [demonic ancestry]
   945 | D:2      | Reached XP level 4. HP: 20/35 MP: 4/4
  1626 | D:2      | Reached skill level 4 in Long Blades
  2000 | D:2      | Gained mutation: You have a pair of small antennae on your head. [demonic ancestry]
  2000 | D:2      | Reached XP level 5. HP: 35/41 MP: 2/5
  2390 | D:3      | Found a glowing drain.
  2394 | Sewer    | Entered a sewer
  3338 | D:3      | Found a hazy altar of Hepliaklqana.
  3678 | D:4      | Found a shattered altar of Ashenzari.
  3871 | D:3      | Gained mutation: You have a pair of antennae on your head. [demonic ancestry]
  3871 | D:3      | Reached XP level 6. HP: 47/47 MP: 6/6
  4268 | D:4      | Noticed Xeen's ghost (amateur SpEn)
  4453 | D:4      | Killed Xeen's ghost
  4453 | D:4      | Reached skill level 5 in Long Blades
  4453 | D:4      | Reached skill level 5 in Dodging
  4454 | D:4      | Noticed Ijyb
  4483 | D:4      | Paralysed by Ijyb for 3 turns
  4489 | D:4      | Killed Ijyb
  4625 | D:4      | Gained mutation: You have a pair of large antennae on your head. (SInv) [demonic ancestry]
  4625 | D:4      | Reached XP level 7. HP: 40/52 MP: 5/7
  4744 | D:4      | Noticed Natasha
  5098 | D:4      | Killed Natasha
  5240 | D:4      | Noticed Natasha
  5304 | D:4      | Reached skill level 6 in Long Blades
  5480 | D:4      | Killed Natasha
  5648 | D:5      | Entered Level 5 of the Dungeon
  5703 | D:5      | Found a staircase to the Ecumenical Temple.
  5710 | Temple   | Entered the Ecumenical Temple
  6570 | D:6      | Reached XP level 8. HP: 32/58 MP: 6/8
  6956 | D:6      | Reached skill level 7 in Long Blades
  6985 | D:6      | You fall through a shaft!
  7510 | D:6      | Found Sinoenid's Antique Armour Emporium.
  7544 | D:6      | Bought a pair of runed boots for 202 gold pieces
  7586 | D:6      | Bought an ancient robe for 153 gold pieces
  7596 | D:6      | Identified the cursed +1 robe "Vipoumpo" {+Inv rN+} (You bought it in a shop on level 6 of the Dungeon)
  8080 | D:6      | Reached skill level 8 in Long Blades
  8463 | D:6      | Found a white marble altar of Elyvilon.
  8568 | D:6      | Reached XP level 9. HP: 67/67 MP: 9/9
  8721 | D:7      | Reached skill level 5 in Fighting
  8848 | D:7      | Found a sacrificial altar of Ru.
  8853 | D:7      | Got a dazzling quarterstaff
  8868 | D:7      | Identified the cursed +1 quarterstaff of the Solstice {crush, Dex+4} (You found it on level 7 of the Dungeon)
  9028 | D:7      | Noticed RedPan's ghost (novice DsMo)
  9100 | D:7      | Killed RedPan's ghost
  9100 | D:7      | Reached skill level 9 in Long Blades
  9655 | D:8      | Noticed a two-headed ogre
  9655 | D:8      | Noticed a two-headed ogre
 10023 | D:8      | Noticed Grum
 10110 | D:8      | Noticed a two-headed ogre
 10113 | D:8      | Noticed a two-headed ogre
 10426 | D:7      | Killed a two-headed ogre
 10426 | D:7      | Reached skill level 10 in Long Blades
 10426 | D:7      | Reached XP level 10. HP: 18/76 MP: 2/10
 10752 | D:7      | Killed a two-headed ogre
 11104 | D:7      | Killed Grum
 11399 | D:8      | HP: 3/76 [two-headed ogre/giant club (11)]
 11400 | D:8      | Slain by a two-headed ogre

Vault maps used:
D:1:      minmay_arrival_cross, lemuel_another_geyser
D:2:      grunt_ministairs_4
D:3:      overflow_temple_1_default, gup_sewer_entry_bowl
D:4:      hex_large, hangedman_decor_lopped, cheibrodos_ashenzari_chains,
          uniq_ijyb, uniq_natasha
D:5:      temple_green, first_ration
D:6:      lemuel_round_altar, serial_shops, shop
D:7:      nicolae_ru_awakened_eye
D:8:      kennysheep_blocky_hall, gammafunk_temple_overflow_pools,
          nicolae_ossuary_entry_ruins, serial_bayou, serial_bayou_lagoon_b,
          serial_bayou_pond_e, serial_bayou_lagoon_a, serial_bayou_crossing,
          serial_bayou_pond_d, serial_bayou_pond_d, uniq_grum
Temple:   regret_index_temple_sphere_string
Sewer:    sewer_co_cracked_pipes

Skill      XL: |  1  2  3  4  5  6  7  8  9 10 |
---------------+-------------------------------+-----
Long Blades    | 3 4 5 6 8 10 | 10.5
Dodging        | 3 4 5 6 7 8 |  8.1
Fighting       | 4 6 |  6.0
Armour         | 2 3 |  3.1
Stealth        | |  1.7

Action                   |  1- 3 |  4- 6 |  7- 9 | 10-12 || total
-------------------------+-------+-------+-------+-------++-------
Melee: Falchion          |   107 |   401 |   245 |       ||   753
       Long sword        |       |       |   211 |    53 ||   264
  Use: Scroll            |     1 |    10 |    11 |       ||    22
       Potion            |       |     2 |     5 |       ||     7
 Stab: Sleeping          |     4 |     3 |     6 |       ||    13
       Distracted        |     1 |       |       |       ||     1
  Eat: Chunk             |       |    13 |    11 |     4 ||    28
       Ration            |       |       |     2 |       ||     2
Armor: Robe              |    32 |    92 |    66 |     5 ||   195
       Skin              |       |       |    85 |       ||    85
Dodge: Dodged            |    82 |   266 |   298 |    36 ||   682
       Rpst.: Falchion   |    26 |    82 |    52 |       ||   160
       Long sword        |       |       |    45 |    13 ||    58

Table legend:
 A = Spawn XP
 B = Non-spawn XP
 C = Spawn XP percentage of total XP
 D = Spawn monster count
 E = Non-spawn monster count
 F = Spawn count percentage of total count
 G = Total turns spent on level
                    A         B        C        D         E        F      G
               +---------+---------+-------+---------+---------+-------+---------
         Total |       0 |    7229 |   0.0 |       0 |     209 |   0.0 | 11400
               +---------+---------+-------+---------+---------+-------+---------
           D:1 |       0 |      61 |   0.0 |       0 |      30 |   0.0 |   746
           D:2 |       0 |     144 |   0.0 |       0 |      32 |   0.0 |  1548
           D:3 |       0 |     144 |   0.0 |       0 |      33 |   0.0 |   821
           D:4 |       0 |     625 |   0.0 |       0 |      19 |   0.0 |  1960
           D:5 |       0 |     591 |   0.0 |       0 |      12 |   0.0 |   971
           D:6 |       0 |    1298 |   0.0 |       0 |      33 |   0.0 |  1824
           D:7 |       0 |    3966 |   0.0 |       0 |      27 |   0.0 |  2573
           D:8 |       0 |     359 |   0.0 |       0 |       7 |   0.0 |   219
         Sewer |       0 |      41 |   0.0 |       0 |      16 |   0.0 |   573
               +---------+---------+-------+---------+---------+-------+---------
